 Dungeon Crawl Stone Soup version 0.25.0-10-g039870ee82 (webtiles) character file.

Game seed: 9357645909810932163

30 Flugkiller the Shield-Bearer (level 3, 0/33 HPs)
             Began as a Deep Dwarf Fighter on June 23, 2020.
             Killed by nerve-wracking pain
             ... invoked by Jessica
              (12 damage)
             ... on level 3 of the Dungeon.
             The game lasted 00:00:24 (327 turns).

Flugkiller the Shield-Bearer (Deep Dwarf Fighter)    Turns: 327, Time: 00:00:25

Health: 0/33       AC:  6    Str: 20    XL:     3   Next: 3%
Magic:  3/3        EV:  7    Int:  8    God:
Gold:   41         SH:  9    Dex: 12    Spells: 2/2 levels left

rFire    . . .     SeeInvis +   a - +0 war axe
rCold    . . .     Gourm    .   c - +0 kite shield
rNeg     . . .     Faith    .   b - +0 scale mail
rPois    .         Spirit   .   (no helmet)
rElec    .         Reflect  .   (no cloak)
rCorr    .         Harm     .   (no gloves)
MR       .....                  (no boots)
Stlth    ..........             (no amulet)
HPRegen  0.00/turn              i - ring of see invisible
MPRegen  0.08/turn              (no ring)

@: non-regenerating
A: damage resistance, heal wounds, sense surroundings 1, no regeneration
a: Heal Wounds


You were on level 3 of the Dungeon.
You were not hungry.

You visited 1 branch of the dungeon, and saw 3 of its levels.

You collected 41 gold pieces.

Inventory:

Hand Weapons
 a - a +0 war axe (weapon)
 j - a +0 dagger of distortion
   (You took it off a goblin on level 2 of the Dungeon)
Armour
 b - a +0 scale mail (worn)
 c - a +0 kite shield (worn)
Jewellery
 i - a ring of see invisible (left hand)
   (You found it on level 1 of the Dungeon)
Scrolls
 f - a scroll of teleportation {unknown}
 h - a scroll of enchant armour {unknown}
 l - a scroll of noise {unknown}
 o - a scroll of amnesia {unknown}
Potions
 d - a potion of might
 k - a potion of flight {unknown}
 m - a potion of resistance {unknown}
 n - a potion of curing {unknown}
Comestibles
 e - a ration
 g - 6 chunks of flesh


   Skills:
 + Level 2.9 Fighting
 * Level 3.0 Axes
 + Level 3.5 Armour
 + Level 3.5 Shields


You had 2 spell levels left.
You didn't know any spells.
Your spell library was empty.

Dungeon Overview and Level Annotations

Branches:
Dungeon (3/15)

Altars:

Annotations:
D:3 Jessica


Innate Abilities, Weirdness & Mutations

You are resistant to damage.
You can heal yourself by infusing magical energy.
You passively map a small area around you.
You do not regenerate.


Message History

There are monsters nearby!
There are monsters nearby!
The goblin shouts!
Jessica points at you and mumbles some strange words.
Pain shoots through your body!
You are too injured to fight recklessly!
You are too injured to fight recklessly!
You are too injured to fight recklessly!
You are too injured to fight recklessly!
You are too injured to fight recklessly!
You are too injured to fight recklessly!
You are too injured to fight recklessly!
You are too injured to fight recklessly!
You are too injured to fight recklessly!
You are too injured to fight recklessly!
You are too injured to fight recklessly!
You are too injured to fight recklessly!
Jessica gestures at you while chanting. Pain shoots through your body!
You die...

* , , * .## , # .
####.. ,, *
........#.. **
......#..@#####. ,
,...........[.># ,, ,
$.. ...#......#.# ,
......###.#.........,
* ...........@....# ,
, ,*
,.....####.......#..,
* .....#*
#..†........
.....####........## ,
, , #...##.#.......#*
, #.........####.. *
##<.##.!...... . *
##.÷#.#..####*
##(.....#


You could see Jessica.

Vanquished Creatures
  An adder (D:3)
  A giant cockroach (D:1)
  4 goblins
  2 hobgoblins (D:2)
  2 jackals (D:2)
  A kobold (D:3)
  4 bats
  A frilled lizard (D:3)
  3 rats
19 creatures vanquished.

Notes
Turn   | Place    | Note
-------+----------+-------------------------------------------
     0 | D:1      | Flugkiller the Deep Dwarf Fighter began the quest for the
                  | Orb.
     0 | D:1      | Reached XP level 1. HP: 20/20 MP: 1/1
   141 | D:2      | Reached XP level 2. HP: 24/27 MP: 2/2
   310 | D:3      | Reached XP level 3. HP: 24/33 MP: 3/3
   325 | D:3      | Noticed Jessica
   327 | D:3      | Killed from afar by Jessica

Illustrated notes

Levels and vault maps discovered:
D:1:      onia_arrival_pentagram, layout_basic, serial_glass, glass_columns_b,
          glass_columns_a
D:2:      minmay_evil_eye, layout_loops_ring, serial_park_tiny_2,
          chequers_arboretum
D:3:      layout_rooms, first_ration, grunt_decor_resistance, uniq_jessica

Skill      XL: |  1  2 |
---------------+-------+-----
Axes           | 3 |  3.0
Fighting       | |  2.9
Armour         | |  3.5
Shields        | |  3.5

Action                   || total
-------------------------++-------
Melee: War axe           ||    59
Armor: Scale mail        ||    48
Dodge: Dodged            ||    36
Block: Kite shield       ||    36
